 Dungeon Crawl Stone Soup version 0.27-a0-1060-gcb85b5eba1 (webtiles) character file.

Game seed: 17541307134695789517

1852 tsouns the Destroyer (level 8, -2/52 HPs)
             Began as a Demonspawn Conjurer on Apr 21, 2021.
             Was a Priest of Nemelex Xobeh.
             Engulfed by a steam dragon's steam (11 damage)
             ... on level 8 of the Dungeon.
             The game lasted 00:12:06 (7914 turns).

tsouns the Destroyer (Demonspawn Conjurer)          Turns: 7914, Time: 00:12:06

Health: -2/52      AC:  4    Str:  7    XL:     8   Next: 88%
Magic:  11/19      EV: 12    Int: 23    God:    Nemelex Xobeh [***...]
Gold:   267        SH:  0    Dex: 11    Spells: 8/22 levels left

rFire    . . .     SeeInvis .   o - +1 dagger (venom)
rCold    + . .     Faith    .   (no shield)
rNeg     . . .     Spirit   .   a - +0 robe
rPois    .         Reflect  .   f - +0 helmet
rElec    .         Harm     .   p - +0 cloak
rCorr    .         Rampage  .   (no gloves)
Will     .....                  (no boots)
Stlth    ++........             (no amulet)
HPRegen  0.17/turn              q - ring of protection from cold
MPRegen  0.16/turn              (no ring)

@: no status effects
A: claws 1, foul stench 1, powered by death 2
a: Renounce Religion, Draw Escape, Draw Destruction, Draw Summoning, Triple Draw


You were on level 8 of the Dungeon.
You worshipped Nemelex Xobeh.
Nemelex Xobeh was most pleased with you.
You visited 1 branch of the dungeon, and saw 8 of its levels.

You collected 367 gold pieces.
You spent 100 gold pieces at shops.

Inventory:

Hand Weapons
 d - a +3 spectral dagger
 o - a +1 dagger of venom (weapon)
 u - a +0 whip of electrocution
 x - a +3 mace
Missiles
 b - 2 curare-tipped darts (quivered)
Armour
 a - a +0 robe (worn)
 c - a +0 kite shield
 f - a +0 helmet (worn)
 p - a +0 cloak (worn)
Jewellery
 k - a ring of fire
 q - a ring of protection from cold (left claw)
 r - a ring of ice
Scrolls
 h - 2 scrolls of teleportation
 i - 2 scrolls of fog
 n - 7 scrolls of identify
 t - a scroll of torment {unknown}
 w - 2 scrolls of amnesia
 y - a scroll of enchant armour {unknown}
Potions
 e - 3 potions of mutation
 g - 2 potions of curing
 j - a potion of heal wounds
 l - 3 potions of lignification
 m - a potion of flight {unknown}
 s - a potion of haste {unknown}
 v - 2 potions of attraction {unknown}
 z - a potion of cancellation {unknown}
 A - 2 potions of might {unknown}
 B - a potion of degeneration {unknown}


   Skills:
 - Level 1.7 Dodging
 - Level 1.7 Stealth
 + Level 7.6 Spellcasting
 + Level 9.1 Conjurations
 + Level 1.8 Invocations


You had 8 spell levels left.
You knew the following spells:

 Your Spells              Type           Power      Damage    Failure   Level
a - Magic Dart            Conj           100%       1d8       1%          1
b - Searing Ray           Conj           100%       3d7       1%          2
c - Dazzling Flash        Conj/Hex       58%        N/A       3%          3
d - Iskenderun's Mystic   Conj/Tloc      29%        2d7       11%         4
e - Fulminant Prism       Conj/Hex       14%        3d9       11%         4

Your spell library contained the following spells:

 Spells                   Type           Power      Damage    Failure   Level


Dungeon Overview and Level Annotations

Branches:
Dungeon (8/15)             Temple (0/1) D:7
   Lair: D:8-11

Altars:
Nemelex Xobeh

Shops:
D:3 :*   D:6 :


Innate Abilities, Weirdness & Mutations

You have sharp fingernails.
You may rarely emit foul miasma when damaged in melee.
You regenerate health from kills.


Message History

A steam dragon comes into view.
The steam dragon hisses angrily.
There is an open door here.
Casting: Searing Ray (safe; 1% risk of failure)
Confirm with . or Enter, or press ? or * to list all spells.
Aiming: Searing Ray (safe; 1% risk of failure)
Press: ? - help, Shift-Dir - straight line, f - steam dragon
Aim: a steam dragon (83% to hit)
The searing ray hits the steam dragon!
The steam dragon is moderately wounded. (Press . to maintain the ray.)
The steam dragon breathes steam at you. The ball of steam misses you.
The searing ray hits the steam dragon!
The steam dragon is severely wounded.
You are engulfed in a cloud of scalding steam.
The searing ray hits the steam dragon.
The steam dragon is severely wounded.
You are engulfed in a cloud of scalding steam.
The steam dragon bites you! The steam dragon claws you.
The searing ray misses the steam dragon.
You finish channeling your searing ray.
The steam dragon bites you!
The steam dragon claws you but does no damage.
Unknown command.
Casting: Searing Ray (safe; 1% risk of failure)
Confirm with . or Enter, or press ? or * to list all spells.
Aiming: Searing Ray (safe; 1% risk of failure)
Press: ? - help, Shift-Dir - straight line, f/p - steam dragon
Aim: a steam dragon (severely wounded, 83% to hit)
The searing ray hits the steam dragon.
The steam dragon is almost dead. (Press . to maintain the ray.)
The steam dragon breathes steam at you. The ball of steam hits you!
* * * LOW HITPOINT WARNING * * *
The searing ray hits the steam dragon.
The steam dragon is almost dead.
You are engulfed in a cloud of scalding steam.
You die...
Your body disappears without a glow.

#.........#
#.........#
#.........#
#...§.....#
#..§......#
#.§.§.....#
#..§......+
#.........###
###@#..<....#
#D#.#.##.##
#.#.#.)#
#.#.#..#
#.#....#
#.#.#..#
#.###### #..


You could see a steam dragon (catching breath).

Vanquished Creatures
  Sigmund (D:4)
  An orc warrior (D:7)
  A sky beast (D:4)
  2 ice beasts (D:7)
  A hornet zombie (D:7)
  A black bear (D:6)
  2 necrophages (D:6)
  An ogre (D:6)
  A centaur (D:7)
  2 bullfrogs (D:7)
  A water moccasin skeleton (D:5)
  A centaur zombie (D:5)
  2 hounds
  Crazy Yiuf (D:2)
  A bullfrog skeleton (D:4)
  A jelly (D:5)
  An orc priest (D:7)
  3 iguanas
  An orc wizard (D:7)
  A scorpion zombie (D:5)
  A killer bee zombie (D:7)
  A howler monkey zombie (D:7)
  4 adders
  8 gnolls
  A shadow imp (D:7)
  A white imp (D:6)
  An ufetubus (D:5)
  3 worms
  A dart slug (D:4)
  18 orcs
  10 bats
  6 endoplasms
  4 giant cockroaches
  8 goblins
  7 hobgoblins
  10 jackals
  5 quokkas
  7 ball pythons
  3 frilled lizards
  7 kobolds
  8 rats
140 creatures vanquished.

Notes
Turn   | Place    | Note
-------+----------+-------------------------------------------
     0 | D:1      | tsouns the Demonspawn Conjurer began the quest for the Orb.
     0 | D:1      | Reached XP level 1. HP: 13/13 MP: 3/3
   216 | D:1      | Gained mutation: You have sharp fingernails. [demonic
                  | ancestry]
   216 | D:1      | Reached XP level 2. HP: 18/19 MP: 0/5
   689 | D:1      | Reached XP level 3. HP: 18/24 MP: 7/7
   775 | D:1      | Learned a level 2 spell: Searing Ray
   779 | D:1      | Learned a level 3 spell: Dazzling Flash
  1525 | D:2      | Gained mutation: You regenerate a little health from kills.
                  | [demonic ancestry]
  1525 | D:2      | Reached XP level 4. HP: 14/30 MP: 4/8
  2014 | D:2      | Found a runed translucent door.
  2015 | D:2      | Noticed Crazy Yiuf
  2029 | D:2      | Killed Crazy Yiuf
  2030 | D:2      | Reached skill level 5 in Conjurations
  2217 | D:3      | Found Itacaod's Assorted Antiques.
  2316 | D:3      | Bought a scroll labelled KOBAXKIXIA for 25 gold pieces
  2316 | D:3      | Bought a scroll labelled IPAGIM QYIGO for 25 gold pieces
  2316 | D:3      | Bought a scroll labelled JUOXOL LEAL for 25 gold pieces
  2316 | D:3      | Bought a scroll labelled BEG WUFUKKU for 25 gold pieces
  2564 | D:3      | Found Plog's Book Shoppe.
  2626 | D:3      | Found a faded altar of an unknown god.
  2770 | D:3      | Reached XP level 5. HP: 27/35 MP: 10/10
  3321 | D:4      | Noticed Sigmund
  3335 | D:4      | Killed Sigmund
  3336 | D:4      | Reached skill level 6 in Conjurations
  3336 | D:4      | Reached XP level 6. HP: 35/41 MP: 3/12
  3455 | D:4      | Noticed a sky beast
  3524 | D:3      | Learned a level 4 spell: Iskenderun's Mystic Blast
  3529 | D:3      | Learned a level 4 spell: Fulminant Prism
  3536 | D:4      | Killed a sky beast
  3722 | D:4      | Reached skill level 5 in Spellcasting
  4042 | D:4      | Gained mutation: You may rarely emit foul miasma when
                  | damaged in melee. [demonic ancestry]
  4042 | D:4      | Reached XP level 7. HP: 46/46 MP: 14/14
  4216 | D:3      | Became a worshipper of Nemelex Xobeh the Trickster
  4216 | D:3      | Reached * piety under Nemelex Xobeh
  4216 | D:3      | Received a gift from Nemelex Xobeh
  4343 | D:5      | Entered Level 5 of the Dungeon
  4343 | D:5      | Found Poollyos's Assorted Antiques.
  5043 | D:5      | Reached skill level 7 in Conjurations
  5551 | D:5      | Received a gift from Nemelex Xobeh
  5629 | D:5      | Reached ** piety under Nemelex Xobeh
  6117 | D:6      | Gained mutation: You regenerate health from kills. [demonic
                  | ancestry]
  6117 | D:6      | Reached XP level 8. HP: 52/52 MP: 8/17
  6411 | D:6      | Found Ceojus's Book Shop.
  6579 | D:7      | Received a gift from Nemelex Xobeh
  6582 | D:7      | Reached skill level 8 in Conjurations
  7249 | D:7      | Found a staircase to the Ecumenical Temple.
  7304 | D:7      | Received a gift from Nemelex Xobeh
  7436 | D:7      | Reached skill level 9 in Conjurations
  7436 | D:7      | Reached skill level 1 in Invocations
  7537 | D:7      | Reached *** piety under Nemelex Xobeh
  7914 | D:8      | Engulfed by a steam dragon's steam

Illustrated notes

Levels and vault maps discovered:
D:1:      elethiomel_arrival_shortcut, layout_basic, minivault_23,
          minmay_pentomino_r2
D:2:      layout_basic, uniq_crazy_yiuf_cottage
D:3:      layout_rooms, chequers_ecumenical_altar_lobes, serial_shops, shop,
          nicolae_shop_crystal, minmay_increasing_density
D:4:      layout_rooms, interstate_on_off, uniq_sigmund
D:5:      layout_loops_ring, serial_shops, nicolae_shop_stone
D:6:      layout_loops_cross, serial_shops, kennysheep_little_box
D:7:      layout_loops_corners, minmay_temple_entry_slanted
D:8:      layout_basic, uniq_pikel, uniq_grum

Skill      XL: |  1  2  3  4  5  6  7  8 |
---------------+-------------------------+-----
Spellcasting   | 3 4 5 6 7 |  7.6
Conjurations   | 5 6 7 9 |  9.1
Invocations    | 1 |  1.8
Dodging        | |  1.7
Stealth        | |  1.7

Action                   |  1- 3 |  4- 6 |  7- 9 || total
-------------------------+-------+-------+-------++-------
Melee: Unarmed           |    11 |       |       ||    11
       Dagger            |    70 |    49 |    51 ||   170
Throw: Dart              |       |     1 |       ||     1
 Cast: Magic Dart        |    58 |    56 |    85 ||   199
       Searing Ray       |       |     7 |    23 ||    30
  Use: Scroll            |       |    11 |       ||    11
 Stab: Sleeping          |     6 |     1 |     1 ||     8
Armor: Robe              |    30 |    14 |    21 ||    65
Dodge: Dodged            |    65 |    46 |    57 ||   168

Table legend: (Time is in decaauts)
 A = Elapsed time spent in this place.
 B = Non-inter-level travel time spent in this place.
 C = Inter-level travel time spent in this place.
 D = Time resting spent in this place.
 E = Time spent auto-exploring this place.
 F = Levels seen in this place.
 G = Mean time per level.
                   A        B        C        D        E       F      G
               +--------+--------+--------+--------+--------+-----+--------+
         Total |   7893 |   7708 |    185 |      0 |   6681 |   8 |  986.6 |
       Dungeon |   7893 |   7708 |    185 |      0 |   6681 |   8 |  986.6 |
               +--------+--------+--------+--------+--------+-----+--------+

Top non-repeatable levels by time:
     D:5: 1333 daAuts
     D:7: 1319 daAuts
     D:2: 1200 daAuts
     D:3: 1138 daAuts
     D:4: 996 daAuts
     D:1: 988 daAuts
     D:6: 896 daAuts
     D:8: 18 daAuts
